 Dungeon Crawl Stone Soup version 0.16.1-4-g8e1b745 (console) character file.

120 gw the Shooter (level 4, 0/31 HPs)
             Began as a High Elf Hunter on Mar 26, 2015.
             Slain by a killer bee (1 damage)
             ... on level 3 of the Dungeon.
             The game lasted 00:02:50 (2576 turns).

gw the Shooter (High Elf Hunter)                    Turns: 2576, Time: 00:02:50

Health: 0/31       AC:  9    Str: 11    XL:     4   Next: 75%
Magic:  7/7        EV: 11    Int: 15    God:
Gold:   139        SH:  0    Dex: 16    Spells: 0 memorised, 3 levels left

rFire  . . .     SeeInvis .     a - +0 short sword
rCold  . . .     Clarity  .     g - +0 ring mail
rNeg   . . .     SustAb   .     (no shield)
rPois  .         Gourm    .     e - +0 helmet
rElec  .         Spirit   .     l - +0 cloak
rCorr  .         Warding  .     j - +0 pair of gloves
rMut   .         Stasis   .     i - +0 pair of boots
MR     .....                    (no amulet)
Stlth  +.........               (no ring)
                                (no ring)

@: lethally poisoned (0 -> -5), not resistant to hostile enchantments, very
unstealthy
A: no striking features
a: no special abilities


You were on level 3 of the Dungeon.
You were very hungry.

You visited 1 branch of the dungeon, and saw 3 of its levels.

You collected 139 gold pieces.

Inventory:

Hand weapons
 a - a +0 short sword (weapon)
 b - a +1 shortbow
Missiles
 c - 32 arrows
Armour
 e - a +0 helmet (worn)
 g - a +0 ring mail (worn)
 i - a +0 pair of boots (worn)
 j - a +0 pair of gloves (worn)
 l - a +0 cloak (worn)
Scrolls
 d - a scroll of recharging {unknown}
 n - a scroll of identify
Potions
 h - a potion of might {unknown}
Comestibles
 f - 3 bread rations
 m - a meat ration


   Skills:
 + Level 3.1 Fighting
 * Level 6.8 Bows
 + Level 3.2 Dodging
 - Level 1.1 Stealth


You had 3 spell levels left.
You didn't know any spells.

Dungeon Overview and Level Annotations

Branches:
Dungeon (3/15)

Altars:


Message History

The killer bee poisons you!
The quokka bites you but does no damage.
Unknown command.
Unknown command.
Unknown command.
Unknown command.
ATTACKING (-1,1)
You miss the killer bee.
The killer bee is lightly wounded.
You feel sick. The killer bee stings you! The killer bee stings you.
The quokka barely misses you.
Unknown command.
Unknown command.
Unknown command.
Unknown command.
ATTACKING (-1,1)
You hit the killer bee.
The killer bee is moderately wounded.
The killer bee completely misses you. The killer bee stings you.
You die...

#.# #.#..# #.#..##
####.#... .......
..... #### ... ....
#r##.# #######
#####e...# #...#
##..yy#####
#...#####....y....yy#
#...#.........#######
#...#.........#
###...#.........#
.......####.....#
######.# #.....# #
#.# #.....#


You could see 3 killer bees and a quokka.

Table legend:
 A = Turns spent in this place as a percentage of turns spent in the entire game.
 B = Non-inter-level travel turns spent in this place as a percentage of non-inter-level travel turns spent in the entire game.
 C = Inter-level travel turns spent in this place as a percentage of turns spent in this place.
 D = Turns resting spent in this place as a percentage of non-inter-level travel turns spent in this place.
 E = Turns spent auto-exploring this place as a percentage of non-inter-level travel turns spent in this place.
 F = Non-inter-level travel turns spent in this place divided by the number of levels of this place that you've seen.
                   A       B       C       D       E      F
               +-------+-------+-------+-------+-------+----------------------
         Total | 100.0 | 100.0 |   0.2 |   0.9 |   2.2 | 1394.0
       Dungeon | 100.0 | 100.0 |   0.2 |   0.9 |   2.2 | 1394.0
               +-------+-------+-------+-------+-------+----------------------

Table legend:
 A = Kills in this place as a percentage of kills in entire the game.
 B = Kills by you in this place as a percentage of kills by you in the entire game.
 C = Kills by friends in this place as a percentage of kills by friends in the entire game.
 D = Other kills in this place as a percentage of other kills in the entire game.
 E = Experience gained in this place as a percentage of experience gained in the entire game.
 F = Experience gained in this place divided by the number of levels of this place that you have seen.
                   A       B       C       D       E      F
               +-------+-------+-------+-------+-------+----------------------
         Total | 100.0 | 100.0 |  -nan |  -nan | 100.0 |  57.3
       Dungeon | 100.0 | 100.0 |  -nan |  -nan | 100.0 |  57.3
               +-------+-------+-------+-------+-------+----------------------

Vanquished Creatures
  3 adders (D:2)
  3 giant mites (D:2)
  A worm (D:3)
  A giant gecko (D:2)
  An ooze (D:2)
  4 giant cockroaches
  7 goblins
  8 hobgoblins
  7 jackals
  A ball python (D:2)
  11 bats
  2 giant newts
  5 kobolds
  5 rats
59 creatures vanquished.

Notes
Turn   | Place    | Note
--------------------------------------------------------------
     0 | D:1      | gw, the High Elf Hunter, began the quest for the Orb.
     0 | D:1      | Reached XP level 1. HP: 14/14 MP: 2/2
   137 | D:1      | Reached XP level 2. HP: 18/20 MP: 3/3
  1167 | D:2      | Reached XP level 3. HP: 25/25 MP: 5/5
  1183 | D:2      | Reached skill level 6 in Bows
  1667 | D:2      | Reached XP level 4. HP: 30/30 MP: 7/7
  2575 | D:3      | HP: 1/31 [killer bee (5)]
  2576 | D:3      | Slain by a killer bee

Action                   |  1- 3 |  4- 6 || total
-------------------------+-------+-------++-------
Melee: Short sword       |    93 |    50 ||   143
 Fire: Shortbow          |    54 |    22 ||    76
  Use: Scroll            |     2 |     2 ||     4
       Potion            |     1 |     1 ||     2
  Eat: Chunk             |     2 |     2 ||     4

Vault maps used:
D:1:      dpeg_arrival_rhombus
D:2:      forest_paths, roderic_hopi_sauvastika
D:3:      first_bread, tgw_kikubaaqudgha
